 Dungeon Crawl Stone Soup version 0.25-a0-263-g9d16a9d099 (webtiles) character file.

Game seed: 6217521531014809401, levelgen mode: deterministic

106654 D1HalberdGnoll the Warrior (level 16, -13/138 HPs)
             Began as a Merfolk Ice Elementalist on Dec 3, 2019.
             Was an Elder of Sif Muna.
             Mangled by an alligator (19 damage)
             ... on level 4 of the Swamp on Dec 7, 2019.
             The game lasted 02:17:03 (50848 turns).

D1HalberdGnoll the Warrior (MfIE)                  Turns: 50848, Time: 02:17:04

Health: -13/138    AC:  7    Str: 12    XL:     16   Next: 44%
Magic:  0/27       EV: 25    Int: 19    God:    Sif Muna [****..]
Gold:   2057       SH:  0    Dex: 21    Spells: 15/35 levels left

rFire    . . .     SeeInvis .   p - +9 bardiche "Coibot" {freeze, Fragile +Fly MR+++ Str+3}
rCold    + . .     Gourm    .   (shield currently unavailable)
rNeg     . . .     Faith    .   K - +2 leather armour of Xopoef {Str+2}
rPois    .         Spirit   +   m - +0 helmet
rElec    +         Reflect  .   P - scarf {cloud immunity}
rCorr    .         Harm     .   E - +0 pair of gloves
MR       +++++                  (boots currently unavailable)
Stlth    ++++......             H - amulet of guardian spirit
HPRegen  0.33/turn              F - ring of Usor {rElec rC+ Str-2 Dex+5 Stlth+}
MPRegen  0.20/turn              q - ring of wizardry

@: confusing touch, very slightly contaminated, invisible, very quick
A: change form in water, swift swim, stealthy swim, low mp 1, magic resistance
1, mutation resistance 1
a: Channel Magic, Forget Spell, Divine Exegesis, Renounce Religion, Evoke Flight


You were on level 4 of the Swamp.
You worshipped Sif Muna.
Sif Muna was greatly pleased with you.
You were not hungry.

You visited 5 branches of the dungeon, and saw 28 of its levels.

You collected 2500 gold pieces.
You spent 443 gold pieces at shops.

Inventory:

Hand Weapons
 p - the +9 bardiche "Coibot" (weapon) {freeze, Fragile +Fly MR+++ Str+3}
   (You acquired it on level 5 of the Lair of Beasts)

   It has been specially enchanted to freeze those struck by it, causing extra
   injury to most foes and up to half again as much damage against particularly
   susceptible opponents.
   It can also slow down cold-blooded creatures.
   It affects your strength (+3).
   It affects your resistance to hostile enchantments.
   It lets you fly.
   It will be destroyed if unequipped.
 z - a +4 demon trident of draining
   (You took it off a red devil on level 6 of the Lair of Beasts)
 G - a +3 spear of piercing
   (You took it off a gnoll sergeant on level 6 of the Dungeon)
 N - the +1 short sword "Aniceom" {venom, rPois rC+ SInv}
   (You found it on level 12 of the Dungeon)

   It poisons the flesh of those it strikes.
   It protects you from cold.
   It protects you from poison.
   It lets you see invisible.
Missiles
 h - 10 curare-tipped darts (quivered) {!f}
 O - a throwing net {!f}
Armour
 k - a +1 pair of boots (melded)
   (You found it on level 2 of the Dungeon)
 m - a +0 helmet (worn)
   (You found it on level 3 of the Dungeon)
 E - a +0 pair of gloves (worn)
   (You found it on level 4 of the Dungeon)
 K - the +2 leather armour of Xopoef (worn) {Str+2}
   (You found it on level 5 of the Lair of Beasts)

   It affects your strength (+2).
 M - a +0 buckler
   (You found it on level 12 of the Dungeon)
 P - a scarf of cloud immunity (worn)
   (You acquired it on level 15 of the Dungeon)
Magical Staves
 y - an uncursed staff of conjuration {!a}
   (You found it on level 7 of the Dungeon)
Jewellery
 q - a ring of wizardry (right hand)
   (You found it on level 6 of the Dungeon)
 w - an uncursed ring of resist corrosion
   (You found it on level 5 of the Dungeon)
 F - the ring of Usor (left hand) {rElec rC+ Str-2 Dex+5 Stlth+}
   (You found it on level 9 of the Dungeon)

   [ring of dexterity]

   It affects your strength (-2).
   It affects your dexterity (+5).
   It protects you from cold.
   It insulates you from electricity.
   It makes you more stealthy.
 H - an amulet of guardian spirit (around neck)
   (You found it on level 10 of the Dungeon)
Wands
 d - a wand of iceblast (29)
   (You found it on level 2 of the Lair of Beasts)
 t - a wand of flame (12)
   (You found it on level 1 of the Swamp)
 u - a wand of paralysis (25)
   (You found it on level 1 of the Swamp)
 v - a wand of digging (16)
   (You found it on level 3 of the Lair of Beasts)
 x - a wand of acid (16)
   (You took it off an orc on level 9 of the Dungeon)
 A - a wand of polymorph (12)
   (You found it on level 9 of the Dungeon)
Scrolls
 f - 2 scrolls of enchant armour
 j - a scroll of immolation {!r}
 C - 11 scrolls of remove curse {@r2}
 I - 7 scrolls of identify {@r1}
 J - 9 scrolls of teleportation {@r4}
 L - 2 scrolls of vulnerability {!r}
 Q - a scroll of blinking
Potions
 a - 9 potions of curing {@q1}
 c - 2 potions of lignification {!q}
 g - 8 potions of agility
 i - 3 potions of heal wounds {@q2}
 l - a potion of berserk rage
 n - 2 potions of mutation {!q}
 o - 3 potions of invisibility
 r - 3 potions of cancellation
 B - a potion of might
 D - 3 potions of brilliance
 R - 2 potions of haste {@q3}
 S - a potion of ambrosia
 T - a potion of flight
Comestibles
 e - 7 rations {!d}


   Skills:
 + Level 16.3 Fighting
 - Level 14.0 Polearms
 - Level 10.0 Dodging
 - Level 2.1 Stealth
 + Level 6.3 Shields
 - Level 10.0 Spellcasting
 + Level 5.5 Conjurations
 * Level 14.9 Ice Magic
 - Level 10.0 Invocations


You had 15 spell levels left.
You knew the following spells:

 Your Spells              Type           Power        Failure   Level  Hunger
a - Freeze                Ice            ####         0%          1    None
b - Hailstorm             Conj/Ice       #####...     1%          4    ##.....
c - Confusing Touch       Hex            #.....       4%          1    None
d - Summon Ice Beast      Ice/Summ       #####...     1%          4    ##.....
e - Freezing Cloud        Conj/Ice/Air   #####.....   32%         6    ######.
f - Regeneration          Chrm/Necr      #.........   12%         3    None
s - Animate Skeleton      Necr           N/A          4%          1    None

Your spell library contained the following spells:

 Spells                   Type           Power        Failure   Level  Hunger
 Foxfire                  Conj/Fire      ###.         1%          1    None
 Magic Dart               Conj           ####         1%          1    None
 Ozocubu's Armour         Chrm/Ice       #####...     1%          3    None
 Dazzling Flash           Conj/Hex       ###...       3%          3    None
 Static Discharge         Conj/Air       ###.....     3%          3    None
 Stone Arrow              Conj/Erth      ###...       3%          3    None
 Apportation              Tloc           #.....       4%          1    None
 Infusion                 Chrm           #...         4%          1    None
 Pain                     Necr           #...         4%          1    None
 Sandblast                Erth           #.....       4%          1    None
 Sting                    Tmut/Pois      #...         4%          1    None
 Summon Small Mammal      Summ           #...         4%          1    None
 Passwall                 Tmut/Erth      #.......     6%          2    None
 Song of Slaying          Chrm           #.......     6%          2    None
 Call Canine Familiar     Summ           #.......     12%         3    None
 Lesser Beckoning         Tloc           #.........   12%         3    None
 Portal Projectile        Hex/Tloc       #.....       12%         3    None
 Recall                   Summ/Tloc      N/A          12%         3    None
 Teleport Other           Tloc           #.......     12%         3    None
 Vampiric Draining        Necr           #.........   12%         3    None
 Sticky Flame             Conj/Fire      ###.....     12%         4    ##.....
 Fireball                 Conj/Fire      ###.......   32%         5    #####..
 Irradiate                Conj/Tmut      ###.......   32%         5    #####..
 Iskenderun's Battlesphe  Conj/Chrm      ###.....     32%         5    #####..
 Lightning Bolt           Conj/Air       ###.......   32%         5    #####..
 Animate Dead             Necr           N/A          34%         4    ##.....
 Leda's Liquefaction      Hex/Erth       #.........   34%         4    ##.....
 Petrify                  Tmut/Erth      #.......     34%         4    ##.....
 Summon Lightning Spire   Summ/Air       #.......     34%         4    ##.....
 Bolt of Magma            Conj/Fire/Erth ###.......   43%         5    #####..
 Aura of Abjuration       Summ           #.........   67%         5    #####..
 Lee's Rapid Deconstruct  Erth           #.........   67%         5    #####..
 Summon Forest            Summ/Tloc      #.........   67%         5    #####..
 Iron Shot                Conj/Erth      ###.......   86%         6    ######.
 Orb of Destruction       Conj           ####......   96%         7    #######
 Shadow Creatures         Summ           N/A          99%         6    ######.
 Statue Form              Tmut/Erth      #........    99%         6    ######.
 Malign Gateway           Summ/Tloc      #.........   100%        7    #######
 Ring of Flames           Chrm/Fire      #.........   100%        7    #######
 Spellforged Servitor     Conj/Summ      ###.......   100%        7    #######
 Chain Lightning          Conj/Air       ###.......   100%        8    #######
 Disjunction              Tloc           #.........   100%        8    #######
 Ignition                 Fire           #.........   100%        8    #######
 Shatter                  Erth           #.........   100%        9    #######
 Tornado                  Air            #.........   100%        9    #######


Dungeon Overview and Level Annotations

Branches:
Dungeon (15/15)            Temple (1/1) D:5            Lair (6/6) D:9
  Swamp (4/4) Lair:2        Snake (0/4) Lair:2        Slime (0/5) Lair:6
    Orc (2/2) D:12            Elf (0/3) Orc:2        Vaults (0/5) D:13
 Depths (0/5) D:15

Altars:
Ashenzari
Cheibriados
Dithmenos
Elyvilon
Fedhas
Gozag
Hepliaklqana
Kikubaaqudgha
Makhleb
Nemelex Xobeh
Okawaru
Qazlal
Ru
Sif Muna
Trog
Uskayaw
Vehumet
Wu Jian
Xom
Yredelemnul
Zin
The Shining One
Beogh

Shops:
D:12 (   Orc:1 (   Orc:2 !*(!

Portals:
Hell: Lair:6
Trove: D:11 (give +5 demon trident)

Annotations:
D:8 exclusion: downstairs
Lair:3 exclusion: oklob plant
Lair:4 exclusion: 3 oklob plants


Innate Abilities, Weirdness & Mutations

You revert to your normal form in water.
You are very nimble and swift while swimming.
You are very stealthy in the water. (Stealth+)
Your magical capacity is low. (-10% MP)
You are resistant to hostile enchantments. (MR+)
You are somewhat resistant to further mutation.


Message History

Your ice beast dies!
The alligator bites you!! The alligator tail-slaps you.
Your ice beast hits the alligator.
Your ice beast freezes the alligator!
You hit the alligator but do no damage.
Your ice beast hits the alligator but does no damage.
The alligator bites your ice beast!
The alligator tail-slaps your ice beast but does no damage.
Your ice beast hits the alligator but does no damage.
The thorn hunter fires a volley of thorns at you.
The volley of thorns misses you.
The alligator completely misses your ice beast.
The alligator tail-slaps your ice beast!
Aim: a thorn hunter (chance to confuse on hit: 30%)
The puff of flame hits the thorn hunter.
Your ice beast hits the alligator but does no damage.
Your hands begin to glow brighter.
The alligator bites your ice beast!
Your ice beast dies!
The thorn hunter gestures.
Thorny briars emerge from the ground!
You hit the thorn hunter but do no damage.
The alligator is no longer moving slowly.
The thorn hunter hits you but does no damage.
The thorn hunter misses you. The alligator bites you!!
The alligator closely misses you.
You hit the thorn hunter but do no damage.
The thorn hunter closely misses you. The thorn hunter hits you!
* * * LOW HITPOINT WARNING * * *
The alligator bites you!
* * * LOW HITPOINT WARNING * * *
The alligator closely misses you. The thorn hunter misses you.
The thorn hunter closely misses you. The alligator bites you!!
* * * LOW HITPOINT WARNING * * *
The alligator tail-slaps you.
* * * LOW HITPOINT WARNING * * *
Okay, then.
You fade into invisibility!
The thorn hunter hits you!
* * * LOW HITPOINT WARNING * * *
The thorn hunter barely misses you. The alligator bites you.
* * * LOW HITPOINT WARNING * * *
The alligator tail-slaps you!
* * * LOW HITPOINT WARNING * * *
You are very lightly contaminated with residual magic.
Your legs become a tail as you enter the water. ...but don't expect to remain undetected.
Your +1 pair of boots melds into your body.
The thorn hunter gestures.
Thorny briars emerge from the ground!
The alligator bites you!!
You die...

≈≈.≈≈.♣.≈..≈.♣≈≈♣♣♣
≈≈....)≈≈≈≈≈..≈≈..♣♣♣♣♣
♣♣......<.≈≈≈♣.≈≈≈≈♣.≈♣♣
≈...≈≈.......♣≈≈≈≈≈≈≈.§♣
...!.≈.....PP♣PPPP≈≈≈≈≈♣
...≈≈≈≈≈≈.≈PPPPPPP≈≈≈≈♣♣
..≈≈≈.≈≈≈♣♣PP..≈≈≈.≈≈.♣♣ ♣.≈
♣≈...§≈....PP≈.....≈≈≈≈♣ ≈≈§
♣♣§......≈≈PPP.≈@≈.≈≈≈♣♣≈≈≈≈
♣≈.≈≈≈<≈≈≈PPPP≈t≈..≈♣♣.≈≈≈≈
♣≈.....≈.≈PPPP≈≈≈.♣♣♣♣.≈≈≈≈
♣♣♣♣♣♣♣♣....PP≈≈≈f♣♣♣......
♣≈....PP≈≈.≈....≈..≈≈
♣♣♣..≈.≈PP.♣♣♣≈.≈.≈...♣
♣♣.≈≈≈..≈PP♣♣ ♣♣.≈≈≈≈≈..
♣♣♣...§≈...♣♣♣ ♣.≈≈≈≈≈..
♣♣....≈≈≈≈≈≈♣ ♣≈≈≈≈...≈


You could see a thorn hunter and an alligator.

Vanquished Creatures
  Roxanne (Swamp:3)
  A very ugly thing (Swamp:3)
  An eidolon (D:14)
  An ettin (Orc:1)
  A yaktaur captain (D:15)
  A shambling mangrove (Swamp:1)
  4 hydras
  A death knight (D:14)
  4 centaur warriors
  A catoblepas (Lair:5)
  4 alligators
  4 two-headed ogres
  A vampire mage (D:13)
  A death yak (Lair:6)
  A tengu warrior (D:14)
  2 skeletal warriors (D:14)
  A wizard (Lair:6)
  3 unseen horrors
  A wolf spider zombie (D:14)
  4 phantasmal warriors (D:14)
  2 orc knights
  5 ugly things
  A deep elf mage (D:14)
  4 cyclopes
  An orc sorcerer (Orc:1)
  A moth of wrath (Swamp:1)
  An elephant (Lair:6)
  A torpor snail (Lair:6)
  8 black mambas
  2 gargoyles
  2 centaur zombies (D:14)
  12 spiny frogs
  5 rime drakes (Lair:6)
  6 komodo dragons
  2 redback zombies (D:14)
  A hellwing (Lair:6)
  2 freezing wraiths
  A queen bee (Lair:2)
  A yaktaur (D:15)
  4 trolls
  A tengu conjurer (D:15)
  3 ice devils (Lair:6)
  A red devil (Lair:6)
  16 blink frogs
  10 hornets
  9 tyrant leeches
  10 hippogriffs
  A harpy skeleton (D:14)
  6 bog bodies
  5 dream sheep
  5 spriggans
  4 flying skulls (D:14)
  14 yaks
  5 shadows
  A water elemental (D:14)
  A vampire (D:13)
  8 wyverns
  Eustachio (D:4)
  7 basilisks
  5 vampire mosquitoes
  A hungry ghost (D:7)
  4 wargs (Orc:1)
  2 steam dragons
  11 swamp worms
  16 insubstantial wisps
  An acid dragon (D:15)
  14 water moccasins
  2 hell hounds (Lair:6)
  7 porcupines
  A swamp drake (Swamp:4)
  34 orc warriors
  A black bear (D:10)
  A black bear (shapeshifter) (D:15)
  4 ice beasts
  2 phantoms
  2 sky beasts (D:13)
  10 ogres
  An eye of draining (D:14)
  10 wolves
  15 centaurs
  4 boggarts (Lair:4)
  7 crocodiles
  8 bullfrogs
  A gnoll sergeant (D:6)
  A wyvern skeleton (D:15)
  34 killer bees
  4 scorpions
  6 wights
  2 electric eels (D:8)
  3 howler monkeys
  2 bullfrog zombies
  2 crimson imps
  3 hounds
  12 jellies
  4 bullfrog skeletons
  A gnoll shaman (D:5)
  12 orc priests
  12 centaur skeletons
  Jessica (D:3)
  3 iguanas
  19 orc wizards
  7 worker ants
  3 killer bee zombies
  5 hound skeletons
  A worker ant zombie (D:9)
  7 gnolls
  22 adders
  A river rat (Lair:2)
  2 shadow imps (D:9)
  3 oozes
  An adder zombie (D:5)
  4 worms
  3 dart slugs (D:3)
  4 leopard geckos
  73 orcs
  9 giant cockroaches
  4 goblins
  6 hobgoblins
  12 jackals
  7 kobolds
  3 quokkas
  4 ball pythons
  9 bats
  4 frilled lizards
  A leopard gecko skeleton (D:8)
  A leopard gecko zombie (D:6)
  6 rats
  A briar patch (Swamp:4)
  2 fungi (Lair:6)
  A plant (Lair:5)
699 creatures vanquished.

Vanquished Creatures (collateral kills)
  10 hydras
  2 shambling mangroves
  A catoblepas (Lair:6)
  2 two-headed ogres
  A centaur warrior (D:15)
  An anaconda (Lair:6)
  3 alligators
  A death yak (Lair:5)
  A sun demon (Lair:6)
  A phantasmal warrior (D:14)
  An orc knight (Orc:2)
  2 manticores
  3 cyclopes
  8 ugly things
  An elephant (Lair:6)
  A torpor snail (Swamp:1)
  3 centaur zombies
  3 centaur skeletons (D:14)
  2 black mambas
  10 spiny frogs
  A redback zombie (D:14)
  3 rime drakes (Lair:6)
  2 ice devils (Lair:6)
  2 komodo dragons
  A troll (shapeshifter) (D:15)
  A hornet (D:10)
  2 polar bears
  4 tyrant leeches
  7 dream sheep
  2 bog bodies
  4 blink frogs
  3 slime creatures (Swamp:3)
  4 hippogriffs
  A water elemental (D:14)
  23 yaks
  6 basilisks
  4 vampire mosquitoes
  An insubstantial wisp (Swamp:2)
  3 swamp worms
  2 soldier ants
  A hell hound (Lair:6)
  2 swamp drakes
  A porcupine (Lair:5)
  A water moccasin (Lair:4)
  A sky beast (D:13)
  A black bear (Lair:4)
  An ice beast (D:6)
  5 orc warriors
  2 ogres
  A phantom (D:7)
  7 wolves
  4 centaurs
  A crocodile (Lair:6)
  7 bullfrogs
  A scorpion (D:13)
  4 killer bees
  A howler monkey (D:11)
  3 wights
  A hound (D:12)
  3 jellies
  An orc wizard (D:9)
  A worker ant (D:8)
  An ooze (Lair:6)
  11 orcs
  A bush (Lair:6)
  4 plants
200 creatures vanquished.

Vanquished Creatures (others)
  A hydra (Swamp:4)
  A centaur (Orc:2)
  A briar patch (Swamp:4)
  A bush (Lair:6)
  39 fungi
  46 plants
89 creatures vanquished.

Grand Total: 988 creatures vanquished

Notes
Turn   | Place    | Note
-------+----------+-------------------------------------------
     0 | D:1      | D1HalberdGnoll the Merfolk Ice Elementalist began the quest
                  | for the Orb.
     0 | D:1      | Reached XP level 1. HP: 13/13 MP: 3/3
   176 | D:1      | Reached XP level 2. HP: 19/20 MP: 3/5
  1030 | D:1      | Reached skill level 1 in Fighting
  1148 | D:2      | Reached XP level 3. HP: 26/26 MP: 1/6
  1426 | D:2      | Reached skill level 5 in Ice Magic
  1497 | D:2      | Noticed a phantom
  1731 | D:2      | Reached XP level 4. HP: 32/32 MP: 2/7
  2146 | D:3      | Noticed Jessica
  2154 | D:3      | Killed Jessica
  2154 | D:3      | Reached skill level 2 in Fighting
  2154 | D:3      | Reached skill level 1 in Polearms
  2154 | D:3      | Reached XP level 5. HP: 32/38 MP: 2/8
  2809 | D:3      | Reached XP level 6. HP: 31/45 MP: 0/10
  2945 | D:3      | Found a stormy altar of Qazlal.
  3007 | D:3      | Found a shimmering altar of Xom.
  3499 | D:4      | Noticed Eustachio
  3744 | D:4      | Killed Eustachio
  3744 | D:4      | Reached skill level 3 in Fighting
  3744 | D:4      | Reached XP level 7. HP: 45/52 MP: 3/11
  4255 | D:4      | Learned a level 4 spell: Hailstorm
  4261 | D:5      | Entered Level 5 of the Dungeon
  4392 | D:5      | Reached skill level 5 in Dodging
  4631 | D:5      | Learned a level 1 spell: Animate Skeleton
  4648 | D:5      | Found a staircase to the Ecumenical Temple.
  4655 | Temple   | Entered the Ecumenical Temple
  4673 | Temple   | Became a worshipper of Sif Muna the Loreminder
  4758 | D:5      | Reached XP level 8. HP: 37/60 MP: 5/13
  5121 | D:6      | Reached skill level 4 in Fighting
  5126 | D:6      | Reached skill level 5 in Polearms
  6507 | D:5      | Found a shadowy altar of Dithmenos.
  6606 | D:5      | Learned a level 4 spell: Summon Ice Beast
  6941 | D:7      | Reached skill level 5 in Fighting
  7052 | D:7      | Reached XP level 9. HP: 44/68 MP: 12/16
  7643 | D:7      | Found a white marble altar of Elyvilon.
  7648 | D:7      | Reached skill level 5 in Spellcasting
  7672 | D:7      | Reached * piety under Sif Muna
  8006 | D:7      | Found a glowing silver altar of Zin.
  8008 | D:7      | Found a bloodstained altar of Trog.
  8017 | D:7      | Found a radiant altar of Vehumet.
  9243 | D:8      | Reached skill level 6 in Fighting
  9792 | D:8      | Reached skill level 10 in Ice Magic
 10434 | D:9      | Noticed a two-headed ogre
 10473 | D:8      | Reached skill level 7 in Fighting
 10768 | D:9      | Noticed a cyclops
 10786 | D:9      | Killed a cyclops
 10786 | D:9      | Reached XP level 10. HP: 79/79 MP: 2/17
 10900 | D:9      | Reached ** piety under Sif Muna
 10986 | D:9      | Noticed a two-headed ogre
 11357 | D:7      | Upgraded the game from 0.25-a0-246-g58704a1ebd to
                  | 0.25-a0-248-g18654cfe15
 11479 | D:9      | Reached skill level 10 in Polearms
 11531 | D:9      | Killed a two-headed ogre
 11531 | D:9      | Reached skill level 8 in Fighting
 11637 | D:9      | Got a vibrating bone ring
 11638 | D:9      | Identified the ring of Usor {rElec rC+ Str-2 Dex+5 Stlth+}
                  | (You found it on level 9 of the Dungeon)
 11657 | D:9      | Found a staircase to the Lair.
 12033 | D:10     | Entered Level 10 of the Dungeon
 12373 | D:10     | Reached skill level 9 in Fighting
 12863 | D:10     | Reached *** piety under Sif Muna
 12972 | D:10     | Noticed a gargoyle
 12984 | D:10     | Killed a gargoyle
 13235 | Lair:1   | Entered Level 1 of the Lair of Beasts
 13346 | Lair:1   | Noticed a spiny frog
 13357 | D:9      | Reached XP level 11. HP: 46/90 MP: 12/18
 13765 | Lair:1   | Reached skill level 1 in Invocations
 13787 | Lair:1   | Reached skill level 1 in Conjurations
 14168 | Lair:1   | Reached skill level 10 in Fighting
 14514 | Lair:1   | Upgraded the game from 0.25-a0-248-g18654cfe15 to
                  | 0.25-a0-253-g6f1b5d974a
 16038 | Lair:2   | Found a staircase to the Swamp.
 17364 | Lair:2   | Found a staircase to the Snake Pit.
 17373 | Lair:2   | Reached **** piety under Sif Muna
 17702 | Lair:2   | Reached XP level 12. HP: 88/98 MP: 17/21
 18038 | Lair:3   | Noticed a seven-headed hydra
 18507 | Lair:3   | Killed a seven-headed hydra
 18545 | Lair:3   | Noticed a five-headed hydra
 18556 | Lair:3   | Killed a five-headed hydra
 19746 | Lair:3   | Upgraded the game from 0.25-a0-253-g6f1b5d974a to
                  | 0.25-a0-258-g6d7e32a812
 19771 | Lair:3   | Reached skill level 5 in Invocations
 19784 | Lair:3   | Reached skill level 11 in Fighting
 20425 | Lair:3   | Noticed a four-headed hydra
 20440 | Lair:3   | Killed a four-headed hydra
 21011 | Lair:4   | Identified a scroll of acquirement
 21011 | Lair:4   | Identified the Almanac of Assistive Translocation (You
                  | acquired it on level 4 of the Lair of Beasts)
 21378 | Lair:4   | Noticed a seven-headed hydra
 22109 | Lair:5   | Got a twisted leather armour
 22110 | Lair:5   | Identified the +2 leather armour of Xopoef {Str+2} (You
                  | found it on level 5 of the Lair of Beasts)
 22298 | Lair:5   | Noticed a death yak
 22915 | Lair:5   | Noticed Sonja
 22917 | Lair:5   | Noticed Sonja
 22917 | Lair:5   | Sonja changed into Sonja the worm
 22931 | Lair:5   | Killed Sonja the worm
 23002 | Lair:5   | Noticed a catoblepas
 23032 | Lair:5   | Noticed a five-headed hydra
 23042 | Lair:5   | Killed a catoblepas
 23598 | Lair:6   | Entered Level 6 of the Lair of Beasts
 23823 | Lair:5   | Reached XP level 13. HP: 51/106 MP: 18/24
 24025 | Lair:5   | Upgraded the game from 0.25-a0-258-g6d7e32a812 to
                  | 0.25-a0-263-g9d16a9d099
 25356 | Lair:5   | Reached skill level 5 in Conjurations
 27046 | D:11     | Reached skill level 10 in Dodging
 27579 | D:11     | Found a portal to a secret trove of treasure.
 27711 | D:12     | Found Gaczotupp's Antique Weapon Shop.
 27852 | D:12     | Reached skill level 12 in Fighting
 27924 | D:12     | Found a staircase to the Orcish Mines.
 27982 | D:12     | Got a jewelled short sword
 28280 | D:12     | Reached skill level 1 in Shields
 29170 | D:12     | Identified the +1 short sword "Aniceom" {venom, rPois rC+
                  | SInv} (You found it on level 12 of the Dungeon)
 29697 | D:13     | Noticed a fire dragon
 29756 | D:12     | Reached ***** piety under Sif Muna
 29922 | D:12     | Learned a level 1 spell: Confusing Touch
 30646 | Lair:5   | Got an iridescent bardiche
 30647 | Lair:5   | Identified the +9 bardiche "Coibot" {freeze, Fragile +Fly
                  | MR+++ Str+3} (You acquired it on level 5 of the Lair of
                  | Beasts)
 30852 | Lair:5   | Identified Elisicug's Disquisition on Damaging
                  | Transmigration (Sif Muna gifted it to you on level 5 of the
                  | Lair of Beasts)
 30852 | Lair:5   | Received a gift from Sif Muna
 32191 | Lair:6   | Found a burning altar of Makhleb.
 32541 | Lair:6   | Found a gateway to Hell.
 32693 | Lair:6   | Reached XP level 14. HP: 102/116 MP: 13/27
 32850 | Lair:6   | Reached skill level 13 in Fighting
 33573 | Lair:6   | Found a staircase to the Slime Pits.
 33698 | Lair:6   | Reached skill level 10 in Invocations
 33831 | Lair:6   | Reached skill level 10 in Spellcasting
 33941 | Lair:6   | Identified Sif Muna's Catalogue of Combat Magic (Sif Muna
                  | gifted it to you on level 6 of the Lair of Beasts)
 33941 | Lair:6   | Received a gift from Sif Muna
 33959 | Lair:6   | Learned a level 6 spell: Freezing Cloud
 34579 | D:13     | Found a gate to the Vaults.
 34830 | D:13     | Reached skill level 14 in Fighting
 35090 | D:13     | Learned a level 3 spell: Regeneration
 35422 | D:13     | Gained mutation: You are occasionally teleported next to
                  | monsters. [potion of mutation]
 35422 | D:13     | Gained mutation: You have a pair of small horns on your
                  | head. [potion of mutation]
 35424 | D:13     | Lost mutation: You have a pair of small horns on your head.
                  | [potion of mutation]
 35424 | D:13     | Lost mutation: You are occasionally teleported next to
                  | monsters. [potion of mutation]
 35424 | D:13     | Gained mutation: Your magical capacity is low. (-10% MP)
                  | [potion of mutation]
 35424 | D:13     | Gained mutation: You are resistant to hostile enchantments.
                  | (MR+) [potion of mutation]
 35424 | D:13     | Gained mutation: You are somewhat resistant to further
                  | mutation. [potion of mutation]
 36176 | D:14     | Reached XP level 15. HP: 56/127 MP: 15/26
 37513 | D:14     | Reached skill level 15 in Fighting
 39294 | D:15     | Entered Level 15 of the Dungeon
 39756 | D:15     | Identified Sif Muna's Incunabulum of the Compass and
                  | Calling (Sif Muna gifted it to you on level 15 of the
                  | Dungeon)
 39756 | D:15     | Received a gift from Sif Muna
 39922 | D:15     | Found a staircase to the Depths.
 40482 | Orc:1    | Entered Level 1 of the Orcish Mines
 40751 | Orc:1    | Found Rywyng's Weapon Emporium.
 40893 | Orc:1    | Found a roughly hewn altar of Beogh.
 41062 | Orc:1    | Found a frozen archway.
 41488 | Orc:2    | Entered Level 2 of the Orcish Mines
 41488 | Orc:2    | Found a staircase to the Elven Halls.
 41895 | Orc:2    | Found a roughly hewn altar of Beogh.
 43263 | Orc:2    | Found Gebas's Antique Weapon Boutique.
 43263 | Orc:2    | Found Nugitwom's Assorted Antiques.
 43266 | Orc:2    | Found Viozuc's Distillery.
 43289 | Orc:2    | Found Keafioge's Distillery.
 43294 | Orc:2    | Bought a potion of heal wounds for 155 gold pieces
 43296 | Orc:2    | Bought a potion of invisibility for 128 gold pieces
 43301 | Orc:2    | Bought a potion of heal wounds for 80 gold pieces
 43301 | Orc:2    | Bought a potion of berserk rage for 80 gold pieces
 43689 | Orc:2    | Found a burning altar of Makhleb.
 43897 | Swamp:1  | Entered Level 1 of the Swamp
 44993 | Swamp:1  | Identified Tutom's Reference Book on the Voyage and Aid
                  | (Sif Muna gifted it to you on level 1 of the Swamp)
 44993 | Swamp:1  | Received a gift from Sif Muna
 45015 | Swamp:1  | Reached skill level 5 in Shields
 45409 | Swamp:1  | Reached XP level 16. HP: 115/138 MP: 12/27
 45790 | Swamp:2  | Reached skill level 16 in Fighting
 45854 | Swamp:2  | You fall into a shaft and drop 1 floor!
 45953 | Swamp:3  | Noticed Roxanne
 49412 | Swamp:3  | Killed Roxanne
 49627 | Swamp:4  | Entered Level 4 of the Swamp
 50227 | Swamp:4  | Noticed a thorn hunter
 50845 | Swamp:4  | HP: 6/138 [alligator (7)]
 50848 | Swamp:4  | Mangled by an alligator

Levels and vault maps discovered:
D:1:      lightli_arrival_statue_moat, layout_loops_corners,
          serial_bayou_lagoon_a, serial_bayou_pond_c
D:2:      layout_rooms
D:3:      layout_loops_ring, grunt_qazlal_clouds, first_ration, st_stairs_1,
          tgw_xom, uniq_jessica
D:4:      layout_loops_ring, uniq_eustachio
D:5:      layout_loops_ring, grunt_dithmenos_smoke,
          minmay_temple_entry_gardened_gates, palyth_stone_intersect,
          minmay_stone_trees_small, eino_small_chamber_without_monster,
          minmay_misc_feat_tiny
D:6:      layout_basic
D:7:      layout_cave_pods, nicolae_overflow_quartered_altars
D:8:      layout_rooms, serial_bayou, serial_bayou_pond_e, serial_bayou_pond_e,
          serial_bayou_pond_d, serial_bayou_shore_a
D:9:      layout_roguey, lair_entry_dummy
D:10:     layout_irregular_city
D:11:     layout_basic, trove_entry_hex_spiral
D:12:     layout_small_grid, david_orc_2, serial_shops,
          nicolae_shop_statue_plus, grunt_pizzeria
D:13:     layout_cave_pods, david_vaults_4
D:14:     hangedman_screamer, layout_irregular_city, serial_bayou_ford_a,
          minmay_checkerbox
D:15:     grunt_enter_depths_snipers, layout_cave_pools,
          chequers_serial_rivers_micro_b
Temple:   lightli_temple_of_artemis
Lair:1:   layout_roguey
Lair:2:   layout_roguey [special_room_bee], minmay_swamp_entry_eels,
          minmay_snake_entry_six_corridors
Lair:3:   cheibrodos_lair_river_kwai, layout_chaotic_city
Lair:4:   layout_gridlike, kilobyte_rumbling_trees, minmay_lair_oklob_chamber,
          infiniplex_staircase_pool_2
Lair:5:   layout_big_grid, chequers_serial_rivers_large_b,
          nicolae_lair_yak_garden, uniq_sonja
Lair:6:   evil_forest, layout_misc_corridors, minmay_slime_entry_jelly_boxes,
          special_room [special_room_mythical_zoo], minmay_shattered_shrine
Swamp:1:  layout_falls_marsh, evilmike_swamp_ruin_house_4, swamp_pool1,
          worms_lemuel
Swamp:2:  layout_basic_swamp, evilmike_swamp_ruin_house_6, swamp_pool3,
          nicolae_swamp_trees_clearing
Swamp:3:  layout_basic_swamp, hangedman_swamp_ruin_hall, uniq_roxanne
Swamp:4:  swamp, layout_basic_swamp
Orc:1:    layout_caves, portal_ice_cave_entry_pillars_2, serial_shops,
          nicolae_shop_waterfront, basic_altar
Orc:2:    st_orc_rangers, layout_caves, basic_altar, bloody_makhleb

Skill      XL: |  1  2  3  4  5  6  7  8  9 10 11 12 13 14 15 16 |
---------------+-------------------------------------------------+-----
Dodging        | 3 4 5 7 9 10 | 10.0
Fighting       | 1 2 3 5 7 9 10 11 12 14 15 16 | 16.3
Ice Magic      | 5 6 7 8 10 14 | 14.9
Polearms       | 1 2 3 4 6 9 12 13 14 | 14.0
Spellcasting   | 3 4 5 6 7 9 10 | 10.0
Invocations    | 3 6 8 10 | 10.0
Conjurations   | 2 4 5 |  5.5
Shields        | 4 5 6 |  6.3
Stealth        | |  2.1

Action                   |  1- 3 |  4- 6 |  7- 9 | 10-12 | 13-15 | 16-18 || total
-------------------------+-------+-------+-------+-------+-------+-------++-------
Melee: Unarmed           |     5 |       |       |       |       |       ||     5
       Dagger            |    15 |     1 |       |       |       |       ||    16
       Spear             |       |   149 |   342 |   480 |   281 |       ||  1252
       Bardiche          |       |       |       |       |   883 |   212 ||  1095
       Tailslap          |       |       |       |       |     6 |     5 ||    11
Throw: Dart              |       |    10 |     9 |    10 |     4 |     2 ||    35
 Cast: Freeze            |    44 |    71 |   182 |   341 |   103 |    15 ||   756
       Animate Skeleton  |       |       |    21 |    49 |    73 |     4 ||   147
       Hailstorm         |       |       |    11 |    22 |    13 |       ||    46
       Summon Ice Beast  |       |       |     5 |    92 |   244 |    81 ||   422
       Regeneration      |       |       |       |       |    11 |    10 ||    21
       Confusing Touch   |       |       |       |       |    17 |    12 ||    29
       Freezing Cloud    |       |       |       |       |     1 |       ||     1
Invok: Channel Magic     |       |       |       |     6 |    13 |     4 ||    23
       Divine Exegesis   |       |       |       |       |     1 |       ||     1
Evoke: Wand              |       |       |       |    11 |    17 |     2 ||    30
  Use: Scroll            |       |     4 |    14 |    17 |    25 |     3 ||    63
       Potion            |       |       |       |     7 |    13 |     2 ||    22
 Stab: Sleeping          |     4 |     7 |     2 |    17 |    11 |     3 ||    44
       Distracted        |       |       |       |     8 |    20 |     6 ||    34
       Confused          |       |       |       |       |     7 |     5 ||    12
  Eat: Chunk             |     3 |     7 |     8 |    27 |    43 |     8 ||    96
       Ration            |       |       |     5 |    12 |    16 |     4 ||    37
Armor: Robe              |     9 |    15 |       |       |       |       ||    24
       Leather armour    |       |    19 |   115 |    97 |   276 |    53 ||   560
       Skin              |       |       |       |     9 |       |       ||     9
Dodge: Dodged            |    39 |   140 |   284 |   445 |  1188 |   285 ||  2381
Block: Buckler           |       |       |       |       |    23 |       ||    23

Table legend:
 A = Non-vault XP
 B = Vault XP
 C = Vault XP percentage of total XP
 D = Non-vault monster count
 E = Vault monster count
 F = Vault count percentage of total count
                 A         B        C        D         E       F
            +---------+---------+-------+---------+---------+-------
      Total |   96391 |   55972 |  36.7 |     654 |     238 |  26.7
            +---------+---------+-------+---------+---------+-------
        D:1 |      30 |       0 |   0.0 |      18 |       0 |   0.0
        D:2 |      99 |       0 |   0.0 |      23 |       0 |   0.0
        D:3 |     169 |      41 |  19.5 |      32 |       3 |   8.6
        D:4 |     232 |     196 |  45.8 |      10 |       1 |   9.1
        D:5 |     631 |       0 |   0.0 |      30 |       0 |   0.0
        D:6 |    1001 |       0 |   0.0 |      18 |       0 |   0.0
        D:7 |    1152 |       0 |   0.0 |      20 |       0 |   0.0
        D:8 |     975 |       0 |   0.0 |      17 |       0 |   0.0
        D:9 |    2079 |       0 |   0.0 |      26 |       0 |   0.0
       D:10 |    2602 |       0 |   0.0 |      27 |       0 |   0.0
       D:11 |    2561 |       0 |   0.0 |      17 |       0 |   0.0
       D:12 |    3947 |     811 |  17.0 |      32 |       9 |  22.0
       D:13 |    5097 |    1319 |  20.6 |      27 |       2 |   6.9
       D:14 |   11113 |   14962 |  57.4 |      42 |      35 |  45.5
       D:15 |    4848 |    2078 |  30.0 |      22 |       3 |  12.0
     Lair:1 |    4451 |       0 |   0.0 |      25 |       0 |   0.0
     Lair:2 |    3051 |    3187 |  51.1 |      13 |      42 |  76.4
     Lair:3 |    4559 |    2517 |  35.6 |      20 |       6 |  23.1
     Lair:4 |    2172 |     916 |  29.7 |      14 |       8 |  36.4
     Lair:5 |    7979 |    2269 |  22.1 |      41 |      12 |  22.6
     Lair:6 |    5113 |   19444 |  79.2 |      26 |      71 |  73.2
    Swamp:1 |    8604 |    2254 |  20.8 |      23 |       9 |  28.1
    Swamp:2 |    4848 |       0 |   0.0 |      21 |       0 |   0.0
    Swamp:3 |    9722 |    1926 |  16.5 |      27 |       1 |   3.6
    Swamp:4 |    2980 |       0 |   0.0 |      12 |       0 |   0.0
      Orc:1 |    4996 |     387 |   7.2 |      46 |       3 |   6.1
      Orc:2 |    1380 |    3665 |  72.6 |      25 |      33 |  56.9
            +---------+---------+-------+---------+---------+-------
